AoeStats
← Valius

Four Lakes

503572050Analyzed
4v4 RM · 1mo ago on Sep 1, 2026· 13m 13s· 8 players
Game mode
Random Map
Map size
Large (8 player)
Population
200
Speed
Normal
Resources
Standard
Victory
Conquest
Starting age
Dark Age
Ending age
Imperial Age
RankedLock teamsTeams togetherTeam positionsShared explorationLock speedFull tech treeHidden civsTurbo modeCheats
Victory
Defeat
🇹🇷 Britons · Türkiye
772
+16
🇨🇷 Sicilians · Costa Rica
771
+16
🇰🇿 Jurchens · Kazakhstan
763
+16
🇺🇸 Khmer · United States
730
+18
🇨🇱 Ethiopians · Chile
821
-19
🇨🇳 Japanese · China
778
-17
🇬🇧 Franks · United Kingdom
747
-15
🇩🇪 Vietnamese · Germany
731
-15
MAC01
_gaara_
3:38 Loom
11:40 Feudal Age
nefret
2:53 Loom
11:08 Feudal Age
12:20 Double-Bit Axe
Valius
0:39 Loom
Mapuche Mayer
3:51 Loom
bnana2K
quappus
joshuavletten
2:33 Loom
3:27 Loom
13:59 Feudal Age
Connection lost

Rejoining the realm…

Still unreachable

The connection could not be restored.

Session expired

The server has moved on; the page needs a fresh start.